[Event "ICC tourney 2516 (60 10)"]
[Site "Internet Chess Club"]
[Date "2021.04.17"]
[Round "1"]
[White "NEMIROFF, SAMUEL:liznemiroff"]
[Black "Iyer, Akash:akashiyer2012"]
[Result "1-0"]
[ICCResult "Black checkmated"]
[WhiteElo "1065"]
[BlackElo "713"]
[Opening "QGD: Marshall defense"]
[ECO "D06"]
[NIC "QP.08"]
[Time "10:01:53"]
[PlyCount "31"]
[TimeControl "3600+10"]

1. d4 d5 2. c4 Nf6 3. cxd5 Nxd5 4. e4 Nf6 5. Nc3 Nc6 6. d5 Ne5 7. f4 Bg4 8.
Be2 Bxe2 9. Ngxe2 Nc4 10. b3 Nb6 11. Bb2 e5 12. fxe5 Ng4 13. Qd2 Nxe5 14.
O-O Bb4 15. Qf4 Nd3 16. Qxf7# { Black checkmated } 1-0

[Event "ICC tourney 2516 (60 10)"]
[Site "Internet Chess Club"]
[Date "2021.04.17"]
[Round "1"]
[White "Goodrich, Elliott:mrforkydude"]
[Black "FERRAZZA, JOHN K:johnfza"]
[Result "1-0"]
[ICCResult "Black checkmated"]
[WhiteElo "1412"]
[BlackElo "901"]
[Opening "Sicilian defense"]
[ECO "B32"]
[NIC "SI.32"]
[Time "10:01:59"]
[PlyCount "47"]
[TimeControl "3600+10"]

1. e4 c5 2. Nf3 Nc6 3. d4 cxd4 4. Nxd4 Nxd4 5. Qxd4 Nf6 6. e5 Nh5 7. g4 Ng3
8. hxg3 e6 9. Bd2 g6 10. Nc3 Bg7 11. Ne4 d5 12. Nd6+ Qxd6 13. exd6 Bxd4 14.
c3 Bc5 15. Bf4 Bd7 16. Be5 f6 17. Bxf6 Rf8 18. g5 Bxd6 19. Rxh7 Bc6 20. Bd3
b5 21. Bxg6+ Rf7 22. Rxf7 b4 23. Rh7+ Kf8 24. Rh8# { Black checkmated } 1-0

[Event "ICC tourney 2516 (60 10)"]
[Site "Internet Chess Club"]
[Date "2021.04.17"]
[Round "1"]
[White "Romig, Olive:icicle333"]
[Black "PRASERTSOM, AUGUST SAHARAT:August2012"]
[Result "0-1"]
[ICCResult "White checkmated"]
[WhiteElo "601"]
[BlackElo "1013"]
[Opening "Four knights: Italian variation"]
[ECO "C47"]
[NIC "KP.06"]
[Time "10:02:05"]
[PlyCount "46"]
[TimeControl "3600+10"]

1. e4 e5 2. Nf3 Nc6 3. Nc3 Nf6 4. Bc4 Nxe4 5. d3 Nxc3 6. bxc3 d5 7. Bb3 Be6
8. Bg5 Be7 9. Qd2 O-O 10. O-O e4 11. dxe4 dxe4 12. Qe3 exf3 13. Rad1 Bxg5
14. Qxf3 Qf6 15. Qh5 Ne5 16. h3 g6 17. Qe2 Rad8 18. Ba4 Rxd1 19. Rxd1 Rd8
20. Re1 Bxh3 21. gxh3 Rd2 22. Qb5 Qxf2+ 23. Kh1 Qh2# { White checkmated }
0-1

[Event "ICC tourney 2516 (60 10)"]
[Site "Internet Chess Club"]
[Date "2021.04.17"]
[Round "1"]
[White "KUMAR, VIHAN:bangingcuberyt"]
[Black "Antonios, Mila:mimiant"]
[Result "0-1"]
[ICCResult "White checkmated"]
[WhiteElo "631"]
[BlackElo "1023"]
[Opening "Queen's pawn, Mason variation"]
[ECO "D00"]
[NIC "QP.08"]
[Time "10:01:40"]
[PlyCount "60"]
[TimeControl "3600+10"]

1. d4 d5 2. Bf4 Nf6 3. e3 Bf5 4. Nf3 e6 5. c4 c6 6. Nc3 Nbd7 7. Be2 Rc8 8.
O-O Be7 9. Qb3 b6 10. Qa4 a5 11. Rac1 O-O 12. Rfd1 c5 13. Nb5 Ne4 14. Nh4
Bxh4 15. g3 Bg5 16. Bxg5 Nxg5 17. Nd6 Rc7 18. f4 Ne4 19. cxd5 Qe7 20. Nxf5
exf5 21. dxc5 Rxc5 22. Bb5 Nd6 23. Bxd7 Qxe3+ 24. Kh1 Rxc1 25. Rxc1 Qxc1+
26. Kg2 Qxb2+ 27. Kh3 Ne4 28. Bxf5 Nf2+ 29. Kh4 Qf6+ 30. Kh5 Qh6# { White
checkmated } 0-1

[Event "ICC tourney 2516 (60 10)"]
[Site "Internet Chess Club"]
[Date "2021.04.17"]
[Round "1"]
[White "Alibhai, Aiyan Zain:Aza288"]
[Black "Bhatnagar, Arjun:arjunbps10"]
[Result "0-1"]
[ICCResult "White checkmated"]
[WhiteElo "424"]
[BlackElo "957"]
[Opening "Queen's pawn, Mason variation"]
[ECO "D00"]
[NIC "QP.08"]
[Time "10:01:57"]
[PlyCount "84"]
[TimeControl "3600+10"]

1. d4 d5 2. Bf4 Nc6 3. e3 Nf6 4. c3 Bf5 5. Bd3 Bxd3 6. Qxd3 e6 7. Nf3 h6 8.
Nbd2 Bd6 9. Bg3 Bxg3 10. hxg3 O-O 11. Ne5 Qd6 12. Nxc6 Qxc6 13. Nf3 Rfe8
14. g4 Nxg4 15. Ng5 hxg5 16. Qh7+ Kf8 17. Qh5 Nf6 18. Qxg5 Qb5 19. b4 Qd3
20. Rc1 Qg6 21. Qe5 Qxg2 22. Rh8+ Ke7 23. Qxc7+ Nd7 24. Rh2 Qg1+ 25. Kd2
Qg6 26. Qf4 Qf6 27. Qg3 Rh8 28. Rg2 Rh7 29. a4 Qf5 30. b5 Nf6 31. Qc7+ Nd7
32. Qxb7 Rhh8 33. a5 Qf3 34. Rcg1 Rh1 35. Rxh1 Qxg2 36. Rc1 Qxf2+ 37. Kd3
Qf5+ 38. Ke2 Rh8 39. b6 Rh2+ 40. Ke1 Qf3 41. Qxd7+ Kxd7 42. Rc2 Qh1# {
White checkmated } 0-1

[Event "ICC tourney 2516 (60 10)"]
[Site "Internet Chess Club"]
[Date "2021.04.17"]
[Round "1"]
[White "Kuruvilla, Joshua Varughese:joshuakps77"]
[Black "Tsang, Brendan:BrendanBrave"]
[Result "1-0"]
[ICCResult "Black checkmated"]
[WhiteElo "997"]
[BlackElo "588"]
[Opening "Giuoco Piano"]
[ECO "C54"]
[NIC "IG.02"]
[Time "10:01:41"]
[PlyCount "91"]
[TimeControl "3600+10"]

1. e4 e5 2. Nf3 Nc6 3. Bc4 Bc5 4. c3 Nf6 5. d4 exd4 6. e5 Ne4 7. Bd5 dxc3
8. Bxe4 cxb2 9. Bxb2 Bb4+ 10. Nc3 Bxc3+ 11. Bxc3 O-O 12. O-O Re8 13. Re1
Re7 14. Bd2 Qe8 15. Bf4 b6 16. Qc2 Bb7 17. Bxh7+ Kf8 18. Bd3 Nb4 19. Qd2
Nxd3 20. Qxd3 Bxf3 21. Qxf3 c6 22. Qh3 Re6 23. Qh8+ Ke7 24. Bg5+ f6 25.
exf6+ gxf6 26. Qxe8+ Kxe8 27. Rxe6+ dxe6 28. Bxf6 Rc8 29. Bc3 Rd8 30. h4
Rd3 31. Rc1 c5 32. h5 Rd7 33. h6 Kd8 34. Bg7 Re7 35. Bf6 Ke8 36. Bxe7 Kxe7
37. h7 Kf7 38. h8=Q Kg6 39. Re1 Kf5 40. Qe5+ Kg4 41. f3+ Kh4 42. Qf4+ Kh5
43. Re5+ Kg6 44. Rg5+ Kh6 45. Qf6+ Kh7 46. Qg7# { Black checkmated } 1-0

[Event "ICC tourney 2516 (60 10)"]
[Site "Internet Chess Club"]
[Date "2021.04.17"]
[Round "1"]
[White "Smith-Wang, Calder:chowchowchess"]
[Black "GAO, LILIANNA:QueenOfBlade"]
[Result "1-0"]
[ICCResult "Black checkmated"]
[WhiteElo "590"]
[BlackElo "998"]
[Opening "Colle system"]
[ECO "D05"]
[NIC "QP.06"]
[Time "10:01:40"]
[PlyCount "57"]
[TimeControl "3600+10"]

1. d4 Nf6 2. Nf3 d5 3. e3 e6 4. Bd3 c5 5. c3 Nc6 6. Bb5 a6 7. Bxc6+ bxc6 8.
Ne5 Qc7 9. g4 Bd6 10. f4 Ne4 11. Nd2 Bxe5 12. fxe5 O-O 13. Nxe4 dxe4 14.
Rg1 Rd8 15. Qe2 cxd4 16. exd4 c5 17. Qxe4 Bb7 18. Qf4 cxd4 19. cxd4 Qb6 20.
Rf1 Rd7 21. Qg5 Qxd4 22. Bd2 Qxb2 23. Rd1 Rad8 24. h4 Bc6 25. h5 Ba4 26. h6
g6 27. Qf6 Kf8 28. Qg7+ Ke7 29. Qxf7# { Black checkmated } 1-0

[Event "ICC tourney 2516 (60 10)"]
[Site "Internet Chess Club"]
[Date "2021.04.17"]
[Round "1"]
[White "KHAN, SAARIM YANAAL:Themarvelman"]
[Black "WANG, DEVIN V:DVWANG"]
[Result "1-0"]
[ICCResult "Black checkmated"]
[WhiteElo "683"]
[BlackElo "1064"]
[Opening "Four knights: Spanish, classical defense"]
[ECO "C48"]
[NIC "KP.03"]
[Time "10:01:59"]
[PlyCount "79"]
[TimeControl "3600+10"]

1. e4 e5 2. Nf3 Nc6 3. Nc3 Nf6 4. Bb5 Bc5 5. Nxe5 Bxf2+ 6. Kxf2 Nxe5 7. Rf1
c6 8. Be2 O-O 9. Kg1 d5 10. d4 Ng6 11. e5 Ne4 12. Nxe4 dxe4 13. Bg4 f5 14.
Bh5 Qe8 15. Bd2 h6 16. Qe1 Kh7 17. Qg3 Qe6 18. c4 Bd7 19. d5 cxd5 20. cxd5
Qb6+ 21. Kh1 Be8 22. Bc3 Rd8 23. e6 Qd6 24. Qxd6 Rxd6 25. Rad1 Ne7 26. Bxe8
Rxe8 27. Bb4 Rb6 28. Bxe7 Rxe7 29. d6 Re8 30. d7 Rd8 31. e7 Rxd7 32. e8=Q
Rc7 33. Rd7 Rcc6 34. Qe5 Rg6 35. Rxf5 Rbc6 36. h3 Rc2 37. Rh5 Rcxg2 38.
Qxe4 Rxb2 39. Rxh6+ Kg8 40. Qe8# { Black checkmated } 1-0

[Event "ICC tourney 2516 (60 10)"]
[Site "Internet Chess Club"]
[Date "2021.04.17"]
[Round "1"]
[White "HILL, LEO M:LeoMessy"]
[Black "DORON-REPA, HILLEL:Hillel-2012"]
[Result "1-0"]
[ICCResult "Black checkmated"]
[WhiteElo "952"]
[BlackElo "221"]
[Opening "Sicilian: closed, 6.f4"]
[ECO "B25"]
[NIC "SI.45"]
[Time "10:01:36"]
[PlyCount "133"]
[TimeControl "3600+10"]

1. e4 c5 2. Nc3 d6 3. d3 Nc6 4. g3 g6 5. Bg2 Bg7 6. f4 e6 7. Nge2 Nge7 8.
O-O O-O 9. Be3 Bd7 10. Qd2 b6 11. Rab1 Qc7 12. Nb5 Qd8 13. Nxd6 e5 14. a4
Bg4 15. Nc4 Rb8 16. fxe5 Nxe5 17. Bf4 Nxc4 18. Qe1 Nd6 19. e5 Ndf5 20. e6
Rc8 21. Nc3 Qd4+ 22. Kh1 Nc6 23. exf7+ Rxf7 24. Bd5 Be5 25. Bxe5 Nxe5 26.
Bxf7+ Kxf7 27. Qe4 Qxe4+ 28. dxe4 Bf3+ 29. Rxf3 Nxf3 30. exf5 gxf5 31. Rf1
Nd4 32. Nb5 a6 33. Nd6+ Ke6 34. Nxc8 Nxc2 35. Nxb6 Nb4 36. Re1+ Kd6 37.
Nc4+ Kd5 38. Ne3+ Kd4 39. Nxf5+ Kd3 40. Nd6 Kc2 41. Nc4 Nd3 42. Re2+ Kb3
43. Nd6 Nc1 44. Re5 c4 45. Rc5 Kxb2 46. Rxc4 Na2 47. Rc6 Nb4 48. Rb6 Ka3
49. Nc4+ Kxa4 50. Kg2 Kb3 51. Ne5 a5 52. Nc6 a4 53. Rxb4+ Ka3 54. Kf3 h6
55. Kg4 h5+ 56. Kxh5 Ka2 57. Rxa4+ Kb3 58. Rd4 Kc3 59. g4 Kb3 60. g5 Kc3
61. g6 Kb3 62. g7 Kc3 63. g8=Q Kc2 64. Qc4+ Kb2 65. Rd2+ Kb1 66. Qc2+ Ka1
67. Qc1# { Black checkmated } 1-0

[Event "ICC tourney 2516 (60 10)"]
[Site "Internet Chess Club"]
[Date "2021.04.17"]
[Round "1"]
[White "Krishnan, Anish:AnishKrishnan"]
[Black "SKELCHER, OLIVER:oliverskelcher"]
[Result "1-0"]
[ICCResult "Black resigns"]
[WhiteElo "1195"]
[BlackElo "778"]
[Opening "Queen's pawn: London system"]
[ECO "A45"]
[NIC "QP.07"]
[Time "10:01:38"]
[PlyCount "39"]
[TimeControl "3600+10"]

1. d4 Nf6 2. Bf4 e6 3. e3 d5 4. Nf3 Nc6 5. c3 h6 6. Nbd2 Be7 7. Bd3 a6 8.
Qc2 Bd7 9. O-O-O b5 10. a3 a5 11. Bxb5 Nb4 12. Bxd7+ Qxd7 13. cxb4 axb4 14.
Ne5 Qb5 15. a4 Rxa4 16. Nb3 O-O 17. Qc6 Qb8 18. Qxa4 Ne4 19. Rhf1 Qb6 20.
Nd7 { Black resigns } 1-0

[Event "ICC tourney 2516 (60 10)"]
[Site "Internet Chess Club"]
[Date "2021.04.17"]
[Round "1"]
[White "SINGH, ADITYA VEER:avs12"]
[Black "YOON, JEREMY K:chessburger0220"]
[Result "0-1"]
[ICCResult "White checkmated"]
[WhiteElo "855"]
[BlackElo "1235"]
[Opening "Two knights defense (Modern bishop's opening)"]
[ECO "C55"]
[NIC "IG.01"]
[Time "10:01:51"]
[PlyCount "56"]
[TimeControl "3600+10"]

1. e4 e5 2. Nf3 Nc6 3. Bc4 Nf6 4. d3 Be7 5. O-O d6 6. h3 Be6 7. Bb3 Qd7 8.
Nc3 h6 9. Be3 O-O-O 10. Nb5 Kb8 11. Bxe6 fxe6 12. a4 g5 13. g3 g4 14. hxg4
Nxg4 15. Re1 Rdg8 16. d4 a6 17. Nc3 exd4 18. Bxd4 Nxd4 19. Qxd4 h5 20. e5
h4 21. exd6 Bxd6 22. Nxh4 Nxf2 23. Qxf2 Bxg3 24. Qf3 Bxe1+ 25. Kf1 Bxh4 26.
Ke2 Rf8 27. Qe4 Rf2+ 28. Ke3 Qd2# { White checkmated } 0-1

[Event "ICC tourney 2516 (60 10)"]
[Site "Internet Chess Club"]
[Date "2021.04.17"]
[Round "1"]
[White "SPEDALIERI, JULIAN N:julians2012"]
[Black "BADAWI, JUDE:Judebestgm"]
[Result "1-0"]
[ICCResult "Black checkmated"]
[WhiteElo "1087"]
[BlackElo "732"]
[Opening "Vienna gambit"]
[ECO "C29"]
[NIC "VG.04"]
[Time "10:08:40"]
[PlyCount "91"]
[TimeControl "3600+10"]

1. e4 e5 2. Nc3 Nf6 3. f4 exf4 4. Nf3 Bb4 5. e5 Bxc3 6. dxc3 Qe7 7. Bxf4 h6
8. Qe2 Nd5 9. Bg3 d6 10. exd6 cxd6 11. Bxd6 Qxe2+ 12. Bxe2 Nc6 13. O-O-O
Be6 14. Bc5 b6 15. Bb5 Rc8 16. Ne5 bxc5 17. Bxc6+ Ke7 18. Bxd5 Bxd5 19.
Rhe1 Bxa2 20. Ng6+ Kf6 21. Nxh8 Rxh8 22. b3 c4 23. Kb2 cxb3 24. cxb3 Bxb3
25. Kxb3 Rb8+ 26. Kc2 a5 27. Rb1 Rc8 28. Ra1 Ra8 29. Re4 Kf5 30. Rea4 Ke6
31. Rxa5 Re8 32. Re1+ Kd7 33. Rxe8 Kxe8 34. c4 Kd7 35. Kc3 Kc6 36. c5 Kc7
37. Kc4 Kc6 38. Ra6+ Kc7 39. Kb5 Kb7 40. c6+ Kc7 41. Ra7+ Kd6 42. c7 f5 43.
c8=Q g5 44. Qd7+ Ke5 45. Qe7+ Kf4 46. Ra4# { Black checkmated } 1-0

[Event "ICC tourney 2516 (60 10)"]
[Site "Internet Chess Club"]
[Date "2021.04.17"]
[Round "1"]
[White "FIGELMAN, DAVID:tinyattacker"]
[Black "ZHANG, MOHAN:momozhang"]
[Result "1-0"]
[ICCResult "Black checkmated"]
[WhiteElo "1231"]
[BlackElo "824"]
[Opening "Sicilian: dragon, Yugoslav attack, 10.O-O-O"]
[ECO "B78"]
[NIC "SI.16"]
[Time "10:01:56"]
[PlyCount "75"]
[TimeControl "3600+10"]

1. e4 c5 2. Nf3 d6 3. d4 cxd4 4. Nxd4 Nf6 5. Nc3 g6 6. Be3 Bg7 7. Qd2 Bd7
8. f3 Nc6 9. Bc4 O-O 10. O-O-O Qb6 11. Ne6 Qb4 12. Nxf8 Rxf8 13. Bb3 Na5
14. Nd5 Nxb3+ 15. axb3 Qxd2+ 16. Rxd2 Bc6 17. Nxe7+ Kh8 18. Nxc6 bxc6 19.
Rxd6 Rc8 20. Rhd1 Ng8 21. Bd4 Bxd4 22. R1xd4 Rc7 23. Rd7 Rxd7 24. Rxd7 a5
25. Rxf7 Nh6 26. Ra7 Ng8 27. e5 Nh6 28. e6 Kg8 29. Ra8+ Kg7 30. e7 Nf5 31.
e8=Q Kh6 32. Qxc6 Ne3 33. Rxa5 Nxg2 34. Qd5 Kg7 35. Qg5 Ne1 36. Ra7+ Kf8
37. Qf6+ Kg8 38. Qg7# { Black checkmated } 1-0

[Event "ICC tourney 2516 (60 10)"]
[Site "Internet Chess Club"]
[Date "2021.04.17"]
[Round "1"]
[White "SHLISKY, CLARK:ClarkSps77"]
[Black "AYYAPPAN, SANTHOSH:SanthoshA"]
[Result "0-1"]
[ICCResult "White checkmated"]
[WhiteElo "950"]
[BlackElo "1661"]
[Opening "Giuoco Piano"]
[ECO "C50"]
[NIC "IG.02"]
[Time "10:01:39"]
[PlyCount "68"]
[TimeControl "3600+10"]

1. e4 e5 2. Nf3 Nc6 3. Bc4 Bc5 4. O-O Nf6 5. Nc3 O-O 6. d3 d6 7. h3 Be6 8.
Nd5 Bxd5 9. Bxd5 Nxd5 10. exd5 Ne7 11. c4 f5 12. Re1 h6 13. Qe2 Re8 14. Be3
Bxe3 15. Qxe3 f4 16. Qe2 Nf5 17. Qe4 Nh4 18. b3 Qf6 19. d4 Nxf3+ 20. gxf3
Qh4 21. dxe5 Rxe5 22. Qd4 Rg5+ 23. Kf1 Qxh3+ 24. Ke2 Re5+ 25. Kd2 Qxf3 26.
Rxe5 dxe5 27. Qxe5 Qxf2+ 28. Kd3 Qg3+ 29. Ke4 Qe3+ 30. Kf5 Rf8+ 31. Kg4
Qxe5 32. Rh1 Qg5+ 33. Kf3 Qg3+ 34. Ke4 Qe3# { White checkmated } 0-1

[Event "ICC tourney 2516 (60 10)"]
[Site "Internet Chess Club"]
[Date "2021.04.17"]
[Round "1"]
[White "CHUN, MATTHIAS:Benjimc77"]
[Black "MEISTER, MAX:Criminaltacos"]
[Result "0-1"]
[ICCResult "White checkmated"]
[WhiteElo "753"]
[BlackElo "1143"]
[Opening "Sicilian defense"]
[ECO "B32"]
[NIC "SI.32"]
[Time "10:02:30"]
[PlyCount "186"]
[TimeControl "3600+10"]

1. e4 c5 2. Nf3 Nc6 3. d4 cxd4 4. Nxd4 Nxd4 5. Qxd4 d6 6. Nc3 e5 7. Qd1 Nf6
8. Bg5 Be7 9. Bb5+ Bd7 10. Bxf6 Bxf6 11. Bxd7+ Qxd7 12. O-O O-O 13. Nd5 Qd8
14. f4 exf4 15. Rxf4 Be5 16. Rf3 f6 17. Ne3 Qb6 18. Rb1 Bf4 19. Qe2 Bxe3+
20. Qxe3 Qxe3+ 21. Rxe3 Rac8 22. c3 Rfe8 23. Rbe1 Re7 24. Kf2 Rce8 25. Kf3
Kf7 26. Kf4 g5+ 27. Kf3 h5 28. h3 Re5 29. g4 hxg4+ 30. hxg4 Rb5 31. b4 Rb6
32. a4 a6 33. a5 Rc6 34. Kf2 Rec8 35. Rc1 Rc4 36. Kf3 Rxb4 37. cxb4 Rxc1
38. Rd3 Ke6 39. Rd5 Rf1+ 40. Kg3 Rf4 41. Rd4 Ke5 42. Rd5+ Ke6 43. Rd4 Rf1
44. Rd2 Rb1 45. Rd4 Rb3+ 46. Kf2 Ke5 47. Rd5+ Kxe4 48. Rxd6 Rxb4 49. Rxf6
Ke5 50. Rf5+ Ke6 51. Rxg5 Kf6 52. Rf5+ Kg6 53. Kf3 Rb3+ 54. Kf4 Rb5 55. Rf8
Rxa5 56. Rg8+ Kf7 57. Rh8 Ra4+ 58. Kg5 b5 59. Rh7+ Kg8 60. Kh6 Rxg4 61. Ra7
Ra4 62. Kg6 Rg4+ 63. Kh6 b4 64. Rxa6 b3 65. Ra1 Kf7 66. Rf1+ Ke6 67. Re1+
Kd5 68. Rc1 Rc4 69. Rd1+ Kc5 70. Rb1 Kb4 71. Rb2 Ka3 72. Rb1 b2 73. Kg5 Rc1
74. Rxb2 Kxb2 75. Kf4 Re1 76. Kf3 Kc3 77. Kf2 Kd2 78. Kf3 Kd3 79. Kf2 Re3
80. Kg2 Ke2 81. Kg1 Kf3 82. Kh2 Re2+ 83. Kh3 Rf2 84. Kh4 Rg2 85. Kh3 Rg8
86. Kh4 Kf4 87. Kh5 Kf5 88. Kh4 Kf4 89. Kh5 Rg5+ 90. Kh4 Re5 91. Kh3 Kf3
92. Kh4 Rf5 93. Kh3 Rh5# { White checkmated } 0-1

[Event "ICC tourney 2516 (60 10)"]
[Site "Internet Chess Club"]
[Date "2021.04.17"]
[Round "1"]
[White "RAJENDRAN, ISHAAN:ArtMan2030"]
[Black "Ma, Dorothy:Rosey9"]
[Result "1-0"]
[ICCResult "Black checkmated"]
[WhiteElo "1148"]
[BlackElo "771"]
[Opening "Queen's pawn, Mason variation"]
[ECO "D00"]
[NIC "QP.08"]
[Time "10:05:27"]
[PlyCount "75"]
[TimeControl "3600+10"]

1. d4 d5 2. Bf4 Nf6 3. e3 e6 4. Nf3 c5 5. c3 Nc6 6. Nbd2 Bd6 7. Ne5 O-O 8.
Bd3 h6 9. Qf3 Bd7 10. Qg3 Nh5 11. Qg4 Nxf4 12. Qxf4 f6 13. Nxc6 Bxf4 14.
Nxd8 Rfxd8 15. exf4 c4 16. Bc2 Kf7 17. O-O Re8 18. Nf3 Rad8 19. Rfe1 Bc6
20. f5 exf5 21. Bxf5 g6 22. Bc2 b5 23. Nh4 f5 24. g4 Rxe1+ 25. Rxe1 fxg4
26. Nxg6 a5 27. Ne5+ Kf6 28. Nxc6 Rc8 29. Nxa5 Rb8 30. Nc6 Rc8 31. Ne5 Rb8
32. Nxg4+ Kg5 33. Ne5 h5 34. Re3 b4 35. Rf3 bxc3 36. h4+ Kxh4 37. Rg3 cxb2
38. Ng6# { Black checkmated } 1-0

[Event "ICC tourney 2516 (60 10)"]
[Site "Internet Chess Club"]
[Date "2021.04.17"]
[Round "1"]
[White "Konzelmann, Lucas Joseph:Lkonzelmann"]
[Black "Liang, Warren:warrenl"]
[Result "0-1"]
[ICCResult "White resigns"]
[WhiteElo "751"]
[BlackElo "1118"]
[Opening "Sicilian: closed, 2...Nc6"]
[ECO "B23"]
[NIC "SI.44"]
[Time "10:01:47"]
[PlyCount "90"]
[TimeControl "3600+10"]

1. e4 c5 2. Nc3 Nc6 3. Bc4 e6 4. Nf3 Nf6 5. d4 d5 6. exd5 exd5 7. Bb5 a6 8.
Bxc6+ bxc6 9. dxc5 Bxc5 10. O-O O-O 11. a3 Bg4 12. h3 Bh5 13. Bg5 h6 14.
Bh4 Qd6 15. Bg3 Qd7 16. Ne5 Bxd1 17. Nxd7 Nxd7 18. Raxd1 Rfe8 19. Rfe1 Nf6
20. Rf1 Ne4 21. Nxe4 Rxe4 22. Rfe1 Rae8 23. Rxe4 Rxe4 24. Rd2 Re1+ 25. Kh2
Kh7 26. f3 Rb1 27. Be5 f6 28. Bc3 Kg6 29. Kg3 Kg5 30. f4+ Kf5 31. Kf3 Rf1+
32. Kg3 Be3 33. Rd3 Bxf4+ 34. Kh4 Bg5+ 35. Kg3 h5 36. Rf3+ Rxf3+ 37. gxf3
Bf4+ 38. Kg2 Be5 39. Kf2 Bxc3 40. bxc3 Kf4 41. a4 g5 42. a5 f5 43. c4 dxc4
44. c3 c5 45. h4 gxh4 { White resigns } 0-1

[Event "ICC tourney 2516 (60 10)"]
[Site "Internet Chess Club"]
[Date "2021.04.17"]
[Round "1"]
[White "AHN, WILLIAM TK:kitook"]
[Black "Han, Leqi:LH2013"]
[Result "0-1"]
[ICCResult "White checkmated"]
[WhiteElo "789"]
[BlackElo "1219"]
[Opening "Giuoco Piano: Möller (Therkatz) attack"]
[ECO "C54"]
[NIC "IG.02"]
[Time "10:01:47"]
[PlyCount "86"]
[TimeControl "3600+10"]

1. e4 e5 2. Nf3 Nc6 3. Bc4 Bc5 4. c3 Nf6 5. d4 exd4 6. cxd4 Bb4+ 7. Nc3
Nxe4 8. O-O Bxc3 9. d5 Ne7 10. bxc3 O-O 11. Qd4 Nf6 12. Bg5 Nf5 13. Qf4 d6
14. g4 Ne7 15. Bxf6 gxf6 16. Qxf6 Ng6 17. Qd4 Qd7 18. h3 f5 19. Nh2 Ne5 20.
Bb3 fxg4 21. Nxg4 Nf3+ 22. Kh1 Nxd4 23. cxd4 Qg7 24. Rg1 Qxd4 25. Rg2 Qxa1+
26. Rg1 Qxg1+ 27. Kxg1 Bxg4 28. hxg4 Rae8 29. Kg2 Re2 30. Kg3 Kg7 31. Bc4
Rexf2 32. Kh4 c6 33. dxc6 bxc6 34. g5 d5 35. Bb3 Rd2 36. Kh5 c5 37. Kg4 c4
38. Ba4 c3 39. a3 c2 40. Bc6 c1=Q 41. Bd7 Rg2+ 42. Kh4 Qf4+ 43. Kh5 Qxg5# {
White checkmated } 0-1

[Event "ICC tourney 2516 (60 10)"]
[Site "Internet Chess Club"]
[Date "2021.04.17"]
[Round "1"]
[White "PAWAR, AVIN A:PS33ChessNinja"]
[Black "JING, ANDREW:andrewj508"]
[Result "0-1"]
[ICCResult "White resigns"]
[WhiteElo "879"]
[BlackElo "1325"]
[Opening "French: advance, Milner-Barry gambit"]
[ECO "C02"]
[NIC "FR.03"]
[Time "10:01:46"]
[PlyCount "52"]
[TimeControl "3600+10"]

1. e4 e6 2. d4 d5 3. e5 c5 4. c3 Nc6 5. Nf3 Qb6 6. Bd3 Bd7 7. Be2 cxd4 8.
cxd4 Nge7 9. O-O Nf5 10. Be3 Nxe3 11. fxe3 Be7 12. b3 O-O 13. Nc3 Rac8 14.
Rc1 Nb4 15. Qd2 Na6 16. e4 Ba3 17. Rc2 Nb4 18. Rcc1 Bxc1 19. Qxc1 Nxa2 20.
Qd2 Nxc3 21. Bd3 dxe4 22. Bc2 exf3 23. Rxf3 Nd5 24. Qe2 Qxd4+ 25. Kh1 Rxc2
26. Qxc2 Qa1+ { White resigns } 0-1

[Event "ICC tourney 2516 (60 10)"]
[Site "Internet Chess Club"]
[Date "2021.04.17"]
[Round "1"]
[White "WANG, LUCAS RONG CHEN:MagnetAEM"]
[Black "MARCAL, ZIVA:SpeyerZivaM"]
[Result "1-0"]
[ICCResult "Black checkmated"]
[WhiteElo "1080"]
[BlackElo "726"]
[Opening "Queen's gambit declined"]
[ECO "D35"]
[NIC "QP.08"]
[Time "10:01:46"]
[PlyCount "117"]
[TimeControl "3600+10"]

1. d4 d5 2. c4 e6 3. cxd5 exd5 4. Nc3 Nf6 5. Nf3 Bf5 6. Bg5 c6 7. e3 h6 8.
Bh4 Nbd7 9. Bd3 Bg4 10. O-O Qc7 11. h3 Bh5 12. Bg3 Bxf3 13. Qxf3 Qd8 14.
Rfe1 Be7 15. a3 O-O 16. Rac1 Ne4 17. Nxe4 dxe4 18. Qxe4 Nf6 19. Qf3 Bd6 20.
Bxd6 Qxd6 21. Rc5 Rae8 22. b4 b6 23. Rxc6 Qd8 24. Rec1 Qd5 25. Qxd5 Nxd5
26. Rd6 Rd8 27. Rcc6 Rxd6 28. Rxd6 Nc3 29. Rc6 Nd5 30. Be4 Ne7 31. Rc7 Re8
32. Rxa7 Nc8 33. Ra8 b5 34. Bb7 Nd6 35. Rxe8+ Nxe8 36. Bc6 Nc7 37. d5 Kf8
38. d6 Ne6 39. Bxb5 f5 40. Bd7 Kf7 41. a4 g5 42. Bxe6+ Kxe6 43. a5 Kxd6 44.
b5 Kc7 45. a6 Kb6 46. Kf1 Kxb5 47. a7 Kb6 48. a8=Q Kb5 49. Qe8+ Kc5 50.
Qe5+ Kc4 51. Qxf5 Kc3 52. e4 Kd2 53. e5 Kd1 54. Qd3+ Kc1 55. e6 Kb2 56. e7
Kc1 57. e8=Q Kb2 58. Qb8+ Ka1 59. Qa6# { Black checkmated } 1-0

[Event "ICC tourney 2516 (60 10)"]
[Site "Internet Chess Club"]
[Date "2021.04.17"]
[Round "1"]
[White "PHU, EMMA:elliephuy"]
[Black "PIEN, ALEXANDER:ayp2012"]
[Result "1-0"]
[ICCResult "Black checkmated"]
[WhiteElo "1014"]
[BlackElo "628"]
[Opening "Giuoco Pianissimo: Italian four knights variation"]
[ECO "C50"]
[NIC "IG.02"]
[Time "10:01:42"]
[PlyCount "81"]
[TimeControl "3600+10"]

1. e4 e5 2. Nf3 Nc6 3. Bc4 Bc5 4. d3 Nf6 5. Nc3 d6 6. h3 O-O 7. O-O Be6 8.
Bb3 Qd7 9. Be3 Bb6 10. Qd2 Bxb3 11. axb3 d5 12. exd5 Nxd5 13. Ne4 Bxe3 14.
fxe3 Rfe8 15. Qf2 f6 16. Rae1 f5 17. Nc5 Qc8 18. e4 fxe4 19. Nxe4 Rf8 20.
Qg3 Qe8 21. c3 h6 22. Nh4 Rxf1+ 23. Rxf1 Qe7 24. Nf5 Qd7 25. Nxh6+ Kh7 26.
Rf7 Qxf7 27. Nxf7 Rf8 28. Nxe5 Nxe5 29. Qxe5 Ne3 30. Ng5+ Kh6 31. Qxe3 Rf5
32. g4 Rxg5 33. h4 Kg6 34. Qxg5+ Kf7 35. Qe5 Kg8 36. g5 c6 37. Qe6+ Kf8 38.
h5 g6 39. hxg6 Kg7 40. Qf7+ Kh8 41. Qh7# { Black checkmated } 1-0

[Event "ICC tourney 2516 (60 10)"]
[Site "Internet Chess Club"]
[Date "2021.04.17"]
[Round "1"]
[White "Bartolini, Christian Joseph:Ninjastar16"]
[Black "ZHANG, DEREK:Derekzh"]
[Result "0-1"]
[ICCResult "White resigns"]
[WhiteElo "1258"]
[BlackElo "861"]
[Opening "Sicilian: Taimanov variation"]
[ECO "B45"]
[NIC "SI.39"]
[Time "10:01:45"]
[PlyCount "106"]
[TimeControl "3600+10"]

1. e4 c5 2. Nf3 Nc6 3. d4 cxd4 4. Nxd4 e6 5. Nc3 Nf6 6. f3 Bc5 7. Be3 Nxd4
8. Bxd4 Bxd4 9. Qxd4 d5 10. Bb5+ Bd7 11. exd5 Bxb5 12. Nxb5 Nxd5 13. O-O-O
O-O 14. Nc3 Qg5+ 15. Kb1 Nxc3+ 16. Qxc3 Rac8 17. Qd2 Qxd2 18. Rxd2 Rfd8 19.
Rhd1 Rxd2 20. Rxd2 Kf8 21. Rd7 Rc5 22. Rxb7 Rd5 23. Kc1 a5 24. c3 g6 25.
Kc2 Rg5 26. g3 Rh5 27. h4 Rf5 28. f4 h5 29. Kd3 e5 30. Rb5 e4+ 31. Kxe4
Rxb5 32. b3 a4 33. b4 f5+ 34. Kd4 Rb8 35. a3 Ke7 36. c4 Kd6 37. c5+ Kc6 38.
Kc4 Re8 39. Kd3 Kd5 40. Kd2 Re4 41. Kd3 Rc4 42. Kd2 Kd4 43. Ke2 Rc3 44. Kd2
Rxa3 45. c6 Rc3 46. b5 Rc5 47. c7 Rxc7 48. b6 Rb7 49. g4 a3 50. g5 a2 51.
Kc2 a1=Q 52. Kd2 Rxb6 53. Ke2 Rb2+ { White resigns } 0-1